 Dungeon Crawl Stone Soup version 0.30-a0-956-gcec3b41aec (webtiles) character file.

Game seed: 1177162891859159552

17756 GloriousHammer the Grappler (level 12, -7/122 HPs)
             Began as a Troll Fighter on Mar 30, 2023.
             Was a Priest of Wu Jian.
             Killed from afar by a bog body (32 damage)
             ... with a bolt of cold
             ... on level 2 of the Lair of Beasts.
             The game lasted 00:21:51 (10873 turns).

GloriousHammer the Grappler (Troll Fighter)        Turns: 10873, Time: 00:21:52

Health: -7/122     AC:  8    Str: 27    XL:     12   Next: 21%
Magic:  11/11      EV:  9    Int:  8    God:    Wu Jian [***...]
Gold:   883        SH: 10    Dex:  9    Spells: 11/11 levels left

rFire   . . .      SeeInvis .      - Unarmed
rCold   . . .      Faith    .    b - +0 kite shield
rNeg    . . .      Spirit   .    x - +0 acid dragon scales
rPois   .          Reflect  .    (helmet restricted)
rElec   .          Rampage  .    (no cloak)
rCorr   +                        (gloves unavailable)
Will    .....                    (boots unavailable)
Stlth   +                        (no amulet)
HPRegen 1.20/turn                (no ring)
MPRegen 0.12/turn                (no ring)

@: slowed, serpent's lash, very slow
A: large, unfitting armour, claws 3, regeneration 1, shaggy fur 1, tough skin 1
a: Renounce Religion, Wall Jump, Serpent's Lash


You were on level 2 of the Lair of Beasts.
You worshipped Wu Jian.
Wu Jian was most pleased with you.
You visited 3 branches of the dungeon, and saw 13 of its levels.

You collected 883 gold pieces.

Inventory:

Hand Weapons
 i - a +1 long sword of flaming
 n - the +10 falchion of a bazaar {venom, rN+}
   (You found it on level 2 of the Dungeon)

   rN:        It protects you from negative energy.
Missiles
 y - 100 stones
 E - 5 large rocks (quivered)
 H - 9 boomerangs
 J - 8 poisoned darts
Armour
 a - a +0 robe
 b - a +0 kite shield (worn)
 x - +0 acid dragon scales (worn)
Jewellery
 C - a ring of ice
Wands
 s - a wand of paralysis (11)
 F - a wand of polymorph (12)
 K - a wand of mindburst (12)
 L - a wand of roots (1)
Scrolls
 d - 5 scrolls of teleportation
 e - a scroll of blinking
 l - 2 scrolls of vulnerability
 o - 2 scrolls of fog
 p - 4 scrolls of fear {unknown}
 q - 3 scrolls of amnesia
 r - 3 scrolls of enchant armour {unknown}
 t - 4 scrolls of enchant weapon {unknown}
 v - a scroll of silence
 z - a scroll of immolation
 D - 2 scrolls of poison
 N - 3 scrolls of magic mapping {unknown}
Potions
 c - 6 potions of might
 f - 3 potions of lignification {unknown}
 g - 2 potions of attraction
 h - 2 potions of brilliance {unknown}
 j - 7 potions of curing
 k - 2 potions of magic {unknown}
 m - 2 potions of haste {unknown}
 u - 2 potions of degeneration {unknown}
 w - 4 potions of ambrosia
 B - 2 potions of heal wounds {unknown}
 G - 2 potions of berserk rage {unknown}
 M - a potion of mutation {unknown}
 O - a potion of flight {unknown}


   Skills:
 + Level 8.8 Fighting
 + Level 4.1 Dodging
 + Level 9.6 Shields
 * Level 14.1 Unarmed Combat


You had 11 spell levels left.
You didn't know any spells.
Your spell library contained the following spells:

 Spells                   Type           Power      Damage    Failure   Level
 Blink                    Tloc           0%         N/A       83%         2
 Lesser Beckoning         Tloc           0%         N/A       83%         2
 Momentum Strike          Conj/Tloc      0%         3d8       83%         2
 Call Canine Familiar     Summ           0%         N/A       97%         3
 Gell's Gravitas          Tloc           0%         N/A       97%         3
 Hailstorm                Conj/Ice       0%         3d3       97%         3
 Portal Projectile        Hex/Tloc       0%         N/A       97%         3
 Teleport Other           Tloc           0%         N/A       97%         3
 Animate Armour           Summ/Erth      0%         N/A       100%        4
 Ice Form                 Ice/Tmut       0%         N/A       100%        4
 Leda's Liquefaction      Hex/Erth       0%         N/A       100%        4
 Blade Hands              Tmut           0%         N/A       100%        5
 Iron Shot                Conj/Erth      0%         9d1       100%        6
 Simulacrum               Ice/Necr       0%         N/A       100%        6


Dungeon Overview and Level Annotations

Branches:
Dungeon (10/15)            Temple (1/1) D:7            Lair (2/5) D:10
  Swamp (0/4) Lair:2          Orc (0/2) D:10
  Snake: Lair:2-3    Spider: Lair:2-3

Altars:
Ashenzari
Cheibriados
Dithmenos
Elyvilon
Fedhas
Gozag
Hepliaklqana
Kikubaaqudgha
Makhleb
Nemelex Xobeh
Okawaru
Qazlal
Ru
Sif Muna
Trog
Uskayaw
Vehumet
Wu Jian
Xom
Yredelemnul
Zin
The Shining One

Shops:
D:9 =

Annotations:
D:4 exclusion: downstairs
D:9 4 runed translucent doors, exclusion: flayed ghost, NinjaNoafa's ghost, novice FeSu


Innate Abilities, Weirdness & Mutations

You are too large for most types of armour.
You have claws for hands.
Your natural rate of healing is unusually fast.
You are covered in fur. (AC +1)
You have tough skin. (AC +1)


Message History

Press: ? - help, Q - select action, (/) - cycle Shift-Dir - straight line, f - blink frog
Aim: a blink frog (heavily wounded, 36% to hit)
You throw a large rock.
The large rock barely misses the blink frog.
The blink frog blinks!
Throw: 4 large rocks
Press: ? - help, Q - select action, (/) - cycle Shift-Dir - straight line, f/p - blink frog
Aim: a blink frog (heavily wounded, 36% to hit)
You throw a large rock. The large rock misses the blink frog.
The blink frog blinks!
Throw: 3 large rocks
Press: ? - help, Q - select action, (/) - cycle Shift-Dir - straight line, f/p - blink frog
Aim: a blink frog (translocational energy, heavily wounded, 36% to hit)
You throw a large rock.
The large rock closely misses the blink frog.
You block the blink frog's attack.
You mangle the blink frog!!
You kill the blink frog!
The Council accepts your kill.
Throw: 2 large rocks
Press: ? - help, Q - select action, (/) - cycle Shift-Dir - straight line, f - blink frog
Aim: a blink frog (36% to hit)
You throw a large rock. The large rock misses the blink frog.
The blink frog hits you but does no damage.
You barely miss the blink frog. The blink frog barely misses you.
You miss the blink frog. You block the blink frog's attack.
You scratch the blink frog.
The blink frog is lightly wounded.
The blink frog blinks!
The blink frog hits you!
The blink frog blinks!
The blink frog blinks!
Things that are here:
a blink frog corpse; a blink frog corpse You see here a blink frog corpse.
You start resting.
A blink frog is nearby!
A blink frog is nearby!
Things that are here:
a blink frog corpse; a blink frog corpse You mangle the blink frog!!
The blink frog is almost dead.
The blink frog blinks!
You lunge at the blink frog.
You closely miss the blink frog.
The blink frog is almost dead.
The blink frog blinks!
Things that are here:
a blink frog corpse; a blink frog corpse You see here a blink frog corpse.
Things that are here:
a blink frog corpse; a blink frog corpse You eviscerate the blink frog!!!
You kill the blink frog!
The Council accepts your kill.
Things that are here:
a blink frog corpse; a blink frog corpse HP restored.
You see here a blink frog corpse.
t - 4 scrolls labelled VADGHU REMNY (gained 1)
E - 5 large rocks (gained 4)
You now have 883 gold pieces (gained 20).
Found a stone staircase leading down.
j - 7 potions of curing (gained 1) 2 bog bodies come into view.
Found a staircase to the Swamp.
The bog body moves out of view.
A bog body is nearby!
The bog body points at you and mumbles some strange words.
You resist with significant effort.
You start waiting.
A bog body is nearby!
You closely miss the bog body. The bog body touches you.
The bog body freezes you!!
You claw the bog body!
The bog body is moderately damaged.
The bog body touches you but does no damage.
You block the bog body's attack.
You spin and attack the bog body.
You mangle the bog body!!
The bog body is severely damaged.
You spin and attack the bog body.
You scratch the bog body.
The bog body is lightly damaged.
The bog body gestures at you while chanting.
You feel yourself slow down. The bog body touches you!
The bog body freezes you!!
You barely miss the bog body.
The bog body is severely damaged.
You block the bog body's attack. The bog body touches you!
The bog body freezes you!
You mangle the bog body!!
You destroy the bog body!
The Council accepts your kill. The bog body touches you.
The bog body freezes you!!
* * * LOW HITPOINT WARNING * * *
Your muscles tense, ready for explosive movement...
You spin and attack the bog body, with incredible momentum.
You claw the bog body!
The bog body is moderately damaged.
You completely miss the bog body.
The bog body is moderately damaged.
The bog body points at you and mumbles some strange words.
The bolt of cold hits you!!
You die...

#.#### ###....###
#........# ..~~~
##..>.....### .♣§§§♣
#..........P# .§~§§~
#..........## .~♣§~~
#........##.# ###..~~♣
#.........#######..?....
............##..@n†#
........##..#....○.##
.......###..........#
.......# #P.........#
......## ##...........
#....## ##..........###
### ##...# #...........#
#####.# #..##
##..........## #..#P..
#### #...........#
##......


You could see a bog body.

Vanquished Creatures
  A hydra (Lair:2)
  A catoblepas (Lair:1)
  A two-headed ogre (D:9)
  A skyshark (Lair:2)
  A bog body (Lair:2)
  An ugly thing (D:10)
  Maurice (D:9)
  Joseph (D:7)
  A black mamba (Lair:2)
  2 cane toads
  A kobold demonologist (D:10)
  A rime drake (D:10)
  6 komodo dragons
  3 trolls
  A hornet (D:8)
  A polar bear (Lair:2)
  5 blink frogs (Lair:2)
  Grinder (D:4)
  Sigmund (D:4)
  5 wraiths (D:9)
  19 yaks
  3 wyverns
  A basilisk (Lair:2)
  A fire bat (D:9)
  2 vampire mosquitoes (D:10)
  An acid dragon (D:9)
  8 water moccasins
  2 sky beasts
  5 ice beasts
  2 ogres
  4 black bears
  3 centaurs
  3 wolves (D:10)
  A phantom (D:4)
  A gnoll sergeant (D:5)
  4 scorpions
  4 bullfrogs
  4 wights
  6 killer bees (D:8)
  2 howler monkeys (D:9)
  3 hounds
  Ijyb (D:4)
  A sleepcap (D:6)
  Jessica (D:2)
  Terence (D:2)
  3 iguanas
  An orc wizard (D:8)
  7 gnolls
  5 adders
  An ufetubus (D:6)
  2 worms (D:4)
  A dart slug (D:3)
  6 orcs
  3 ball pythons
  5 endoplasms
  3 giant cockroaches
  7 goblins
  6 hobgoblins
  8 jackals
  7 quokkas
  12 bats
  2 frilled lizards (D:1)
  3 kobolds
  20 rats
221 creatures vanquished.

Vanquished Creatures (others)
  5 fungi
  21 plants
26 creatures vanquished.

Grand Total: 247 creatures vanquished

Notes
Turn   | Place    | Note
-------+----------+-------------------------------------------
     0 | D:1      | GloriousHammer the Troll Fighter began the quest for the
                  | Orb.
     0 | D:1      | Reached XP level 1. HP: 22/22 MP: 0/0
    79 | D:1      | Reached XP level 2. HP: 29/29 MP: 1/1
   419 | D:1      | Found a faded altar of an unknown god.
   552 | D:2      | Noticed Terence
   559 | D:2      | Reached XP level 3. HP: 34/36 MP: 2/2
   570 | D:2      | Killed Terence
   571 | D:2      | Reached skill level 3 in Unarmed Combat
   649 | D:2      | Identified the +10 falchion of a bazaar {venom, rN+}
   666 | D:2      | Reached XP level 4. HP: 38/44 MP: 3/3
   896 | D:2      | Noticed Jessica
   903 | D:2      | Killed Jessica
  1485 | D:4      | Found a broken altar of Ashenzari.
  1527 | D:4      | Reached XP level 5. HP: 53/53 MP: 4/4
  1577 | D:4      | Reached skill level 4 in Unarmed Combat
  1609 | D:4      | Found a shadowy altar of Dithmenos.
  1745 | D:4      | Noticed Ijyb
  1747 | D:4      | Paralysed by something for 3 turns
  1755 | D:4      | Paralysed by something for 2 turns
  1757 | D:4      | Killed Ijyb
  1803 | D:4      | Reached XP level 6. HP: 61/61 MP: 5/5
  1845 | D:4      | Noticed Sigmund
  1856 | D:4      | Killed Sigmund
  1857 | D:4      | Reached skill level 5 in Unarmed Combat
  1961 | D:4      | Found a blossoming altar of Fedhas.
  2050 | D:4      | Noticed Grinder
  2060 | D:4      | Killed Grinder
  2061 | D:4      | Reached XP level 7. HP: 61/70 MP: 6/6
  2199 | D:4      | Reached skill level 6 in Unarmed Combat
  2511 | D:5      | Entered Level 5 of the Dungeon
  2756 | D:4      | Reached skill level 5 in Shields
  2756 | D:4      | Reached XP level 8. HP: 23/79 MP: 7/7
  3064 | D:5      | Reached skill level 7 in Unarmed Combat
  3684 | D:6      | Found a white marble altar of Elyvilon.
  3882 | D:6      | Reached skill level 5 in Fighting
  4175 | D:6      | Reached skill level 8 in Unarmed Combat
  4584 | D:7      | Found a staircase to the Ecumenical Temple.
  4719 | Temple   | Entered the Ecumenical Temple
  4818 | Temple   | Became a worshipper of the Wu Jian Council
  4895 | D:7      | Reached XP level 9. HP: 88/88 MP: 8/8
  4895 | D:7      | Noticed Joseph
  4906 | D:7      | Killed Joseph
  4987 | D:7      | Found a hazy altar of Hepliaklqana.
  5344 | D:7      | Reached skill level 9 in Unarmed Combat
  6305 | D:9      | Found Beuggise's One-of-a-Kind Rings.
  6333 | D:9      | Found an iron altar of Okawaru.
  6367 | D:9      | Noticed a troll
  6374 | D:9      | Killed a troll
  6375 | D:9      | Reached skill level 10 in Unarmed Combat
  6386 | D:9      | Found a runed translucent gate.
  6386 | D:9      | Found a runed translucent gate.
  6386 | D:9      | Found a runed translucent gate.
  6559 | D:9      | Noticed NinjaNoafa's ghost (novice FeSu)
  6561 | D:9      | Noticed an 11-headed hydra
  6577 | D:9      | Reached * piety under Wu Jian
  6629 | D:9      | Found a shadowy altar of Dithmenos.
  6637 | D:9      | Reached XP level 10. HP: 100/100 MP: 9/9
  6660 | D:9      | Found a runed translucent door.
  6663 | D:9      | Found a stormy altar of Qazlal.
  6685 | D:9      | Noticed Maurice
  6685 | D:9      | Paralysed by Maurice for 3 turns
  6713 | D:9      | Killed Maurice
  6860 | D:9      | Noticed a two-headed ogre
  6868 | D:9      | Killed a two-headed ogre
  6869 | D:9      | Reached skill level 11 in Unarmed Combat
  7003 | D:9      | Found a stormy altar of Qazlal.
  7261 | D:9      | Found a shimmering altar of Xom.
  7290 | D:9      | Found an opulent altar of Gozag.
  7312 | D:9      | Found a burning altar of Makhleb.
  7331 | D:9      | Found a shimmering altar of Xom.
  7351 | D:9      | Noticed a flayed ghost
  7518 | D:10     | Entered Level 10 of the Dungeon
  7677 | D:10     | Noticed a cyan ugly thing
  7685 | D:10     | Killed a cyan ugly thing
  7737 | D:10     | Reached skill level 12 in Unarmed Combat
  7790 | D:10     | Found a staircase to the Orcish Mines.
  7893 | D:10     | Reached XP level 11. HP: 56/109 MP: 10/10
  7902 | D:10     | Reached ** piety under Wu Jian
  8534 | D:10     | Found a staircase to the Lair.
  8635 | D:10     | Reached skill level 13 in Unarmed Combat
  8655 | D:10     | Found an opulent altar of Gozag.
  8656 | D:10     | Found a glowing silver altar of Zin.
  8657 | D:10     | Found a radiant altar of Vehumet.
  8658 | D:10     | Found a bloodstained altar of Trog.
  8719 | Lair:1   | Entered Level 1 of the Lair of Beasts
  8937 | Lair:1   | Noticed a catoblepas
  8960 | Lair:1   | Killed a catoblepas
  9640 | Lair:2   | Identified the +3 spear "Ocwaumn" {antimagic, Str+3}
  9656 | Lair:2   | Noticed a skyshark
  9671 | Lair:2   | Killed a skyshark
  9836 | Lair:2   | Reached *** piety under Wu Jian
  9846 | Lair:2   | Noticed a seven-headed hydra
  9902 | Lair:2   | Killed a seven-headed hydra
  9903 | Lair:2   | Reached XP level 12. HP: 58/122 MP: 11/11
 10702 | Lair:2   | Reached skill level 14 in Unarmed Combat
 10861 | Lair:2   | Found a staircase to the Swamp.
 10873 | Lair:2   | Killed from afar by a bog body

Illustrated notes

Levels and vault maps discovered:
D:1:      dpeg_arrival_orchard, layout_rooms,
          dreamdust_ecumenical_altar_hidden_monk_grotto, roderic_roman_lattice
D:2:      layout_rooms, dk_noncrumbling_4, uniq_terence, uniq_jessica
D:3:      layout_rooms
D:4:      cheibrodos_helix_gallery, layout_basic, overflow_temple_1_default,
          nicolae_ashenzari_panopticon, grunt_dithmenos_smoke_and_mirrors,
          minmay_rat_hole, uniq_grinder, uniq_sigmund, uniq_ijyb
D:5:      layout_cave_pools
D:6:      layout_loops_corners, mainiacjoe_overflow_alcove_1
D:7:      layout_basic, amcnicky_altar_gilded, minmay_temple_entry_mist,
          minmay_misc_feat_plants, nrook_mini_backslash, uniq_joseph
D:8:      layout_loops_cross, chequers_serial_rivers_micro_c
D:9:      due_megacathedral, layout_cave_pools, general_overflow_altar,
          grunt_qazlal_sundering, gammafunk_ghost_hydra_chop,
          minmay_crystal_room, nicolae_shop_unique_rings, uniq_maurice
D:10:     layout_cave_pools, mainiacjoe_overflow_alcove_3,
          hellmonk_lair_entry_icy
Temple:   jpeg_temple_clearing
Lair:1:   layout_concentric_octagons, grunt_megastairs_5
Lair:2:   nzn_winding_woodlands_small [nzn_winding_woodlands_5x15_longhouse,
          nzn_winding_woodlands_center_garden,
          nzn_winding_woodlands_5x15_parted], layout_cave_pods,
          skrybe_swamp_entry_bodies, infiniplex_staircase_pool_2

Skill      XL: |  1  2  3  4  5  6  7  8  9 10 11 12 |
---------------+-------------------------------------+-----
Shields        | 3 4 5 7 8 9 |  9.6
Unarmed Combat | 3 4 5 6 8 10 12 13 14 | 14.1
Fighting       | 3 4 5 6 7 8 |  8.8
Dodging        | 3 4 |  4.1

Action                     |  1- 3 |  4- 6 |  7- 9 | 10-12 || total
---------------------------+-------+-------+-------+-------++-------
  Melee: Unarmed           |    82 |       |    59 |   369 ||   510
         Falchion          |       |    96 |   141 |       ||   237
         Long sword        |       |       |       |     3 ||     3
  Throw: Stone             |       |     2 |    12 |       ||    14
         Large rock        |       |       |       |     7 ||     7
 Invoke: Serpent's Lash    |       |       |       |     3 ||     3
Ability: Lunge             |       |       |     3 |    19 ||    22
         Whirlwind         |       |       |       |    65 ||    65
  Evoke: Wand              |       |     1 |     4 |     5 ||    10
    Use: Potion            |       |       |       |     1 ||     1
         Scroll            |       |       |       |    13 ||    13
   Stab: Sleeping          |       |     1 |       |       ||     1
         Paralysed         |       |     4 |     8 |       ||    12
         Invisible         |       |       |       |     1 ||     1
 Armour: Robe              |    30 |    18 |    33 |       ||    81
         Acid dragon scale |       |       |     5 |    72 ||    77
  Dodge: Dodged            |    22 |    21 |    73 |    93 ||   209
  Block: Kite shield       |    30 |    35 |   110 |   128 ||   303

Table legend: (Time is in decaauts)
 A = Elapsed time spent in this place.
 B = Non-inter-level travel time spent in this place.
 C = Inter-level travel time spent in this place.
 D = Time resting spent in this place.
 E = Time spent auto-exploring this place.
 F = Levels seen in this place.
 G = Mean time per level.
                   A        B        C        D        E       F      G
               +--------+--------+--------+--------+--------+-----+--------+
         Total |  10964 |  10205 |    759 |   2350 |   6080 |  13 |  843.4 |
       Dungeon |   8706 |   8076 |    630 |   1539 |   5109 |  10 |  870.6 |
        Temple |    114 |     73 |     41 |      0 |     61 |   1 |  114.0 |
          Lair |   2143 |   2056 |     87 |    811 |    910 |   2 | 1071.5 |
               +--------+--------+--------+--------+--------+-----+--------+

Top non-repeatable levels by time:
  Lair:2: 1324 daAuts
     D:9: 1214 daAuts
     D:4: 1213 daAuts
    D:10: 1190 daAuts
     D:6: 943 daAuts
     D:7: 895 daAuts
     D:8: 861 daAuts
  Lair:1: 819 daAuts
     D:5: 724 daAuts
     D:1: 617 daAuts
     D:2: 573 daAuts
     D:3: 471 daAuts
  Temple: 114 daAuts
